 Dungeon Crawl Stone Soup version 0.29.1-2-gbd0b4ee654 (webtiles) character file.

Game seed: 6023870106802373836

130 witty the Magician (level 5, -12/37 HPs)
             Began as a Gnoll Hedge Wizard on Nov 2, 2022.
             Shot with a bolt by Terence (16 damage)
             ... on level 2 of the Dungeon.
             The game lasted 00:09:35 (3746 turns).

witty the Magician (Gnoll Hedge Wizard)             Turns: 3746, Time: 00:09:35

Health: -12/37     AC:  3    Str:  9    XL:     5   Next: 13%
Magic:  6/14       EV: 13    Int: 16    God:
Gold:   56         SH:  0    Dex: 11    Spells: 9/18 levels left

rFire   . . .      SeeInvis .   a - +0 dagger
rCold   . . .      Faith    .   (no shield)
rNeg    . . .      Spirit   .   b - +0 robe
rPois   .          Reflect  .   c - +0 hat
rElec   .          Harm     .   (no cloak)
rCorr   .          Rampage  .   m - +0 pair of gloves
Will    .....                   (no boots)
Stlth   ++........              (no amulet)
HPRegen 0.12/turn               (no ring)
MPRegen 0.14/turn               (no ring)

@: no status effects
A: fangs 1, strong nose, distributed training
a: no special abilities


You were on level 2 of the Dungeon.
You visited 1 branch of the dungeon, and saw 3 of its levels.

You collected 56 gold pieces.

Inventory:

Hand Weapons
 a - a +0 dagger (weapon)
 n - a +0 trident
Armour
 b - a +0 robe (worn)
 c - a +0 hat (worn)
 m - a +0 pair of gloves (worn)
Scrolls
 g - 3 scrolls of identify {unknown}
 i - 2 scrolls of poison {unknown}
 j - a scroll of enchant armour {unknown}
 k - a scroll of teleportation {unknown}
Potions
 d - a potion of magic
 e - 2 potions of curing {unknown}
 f - a potion of invisibility {unknown}
 h - a potion of mutation {unknown}
 l - a potion of degeneration {unknown}
 o - a potion of ambrosia {unknown}


   Skills:
 + Level 1.4 Fighting
 + Level 1.4 Short Blades
 + Level 1.4 Long Blades
 + Level 1.4 Axes
 + Level 1.4 Maces & Flails
 + Level 1.4 Polearms
 + Level 1.4 Staves
 + Level 1.4 Ranged Weapons
 + Level 1.4 Throwing
 + Level 1.4 Armour
 + Level 4.7 Dodging
 + Level 4.4 Stealth
 + Level 1.4 Shields
 + Level 1.4 Unarmed Combat
 + Level 7.3 Spellcasting
 + Level 2.3 Conjurations
 + Level 1.1 Hexes
 + Level 2.3 Summonings
 + Level 1.1 Necromancy
 + Level 2.3 Translocations
 + Level 1.1 Transmutations
 + Level 1.1 Fire Magic
 + Level 1.1 Ice Magic
 + Level 1.1 Air Magic
 + Level 1.1 Earth Magic
 + Level 1.1 Poison Magic
 + Level 1.6 Invocations
 + Level 1.4 Evocations


You had 9 spell levels left.
You knew the following spells:

 Your Spells              Type           Power      Damage    Failure   Level
a - Magic Dart            Conj           52%        1d5       4%          1
b - Blink                 Tloc           26%        N/A       7%          2
c - Conjure Flame         Conj/Fire      11%        6-21      17%         3
d - Mephitic Cloud        Conj/Pois/Air  10%        N/A       19%         3

Your spell library contained the following spells:

 Spells                   Type           Power      Damage    Failure   Level
 Call Imp                 Summ           13%        N/A       7%          2
 Slow                     Hex            36%        N/A       8%          1
 Malign Gateway           Summ/Tloc      6%         N/A       100%        7
 Summon Horrible Things   Summ           6%         N/A       100%        8


Dungeon Overview and Level Annotations

Branches:
Dungeon (3/15)

Altars:

Annotations:
D:2 Terence


Innate Abilities, Weirdness & Mutations

You have very sharp teeth.
Your uncanny sense of smell can sniff out nearby items.
Your experience applies equally to all skills.


Message History

Aiming: Magic Dart (safe; 4% risk of failure)
Press: ? - help, Shift-Dir - straight line, f - orc
Aim: an orc, wielding a +0 whip (100% to hit)
The magic dart hits the orc.
The orc is heavily wounded.
The orc barely misses you.
Casting: Magic Dart (safe; 4% risk of failure)
Confirm with . or Enter, or press ? or * to list all spells.
Aiming: Magic Dart (safe; 4% risk of failure)
Press: ? - help, Shift-Dir - straight line, f/p - orc
Aim: an orc, wielding a +0 whip (heavily wounded, 100% to hit)
The magic dart hits the orc.
You kill the orc!
Casting: Magic Dart (safe; 4% risk of failure)
Confirm with . or Enter, or press ? or * to list all spells.
You can't see any susceptible monsters within range! (Use Z to cast anyway.) Unknown command.
You start resting.
Your magical contamination has completely faded away.
You start resting.
Terence the Incautious comes into view.
He is wielding a +0 arbalest.
Terence is nearby!
Things that are here:
a +0 short sword; a hobgoblin corpse Terence shoots a bolt.
The bolt closely misses you.
You see here a +0 dagger.
Casting: Magic Dart (safe; 4% risk of failure)
Confirm with . or Enter, or press ? or * to list all spells.
Okay, then.
Casting: Magic Dart (safe; 4% risk of failure)
Confirm with . or Enter, or press ? or * to list all spells.
The spell is quite dangerous to miscast (17% risk of failure)!
Continue anyway? [Y]es or [N]o only, please.
The spell is quite dangerous to miscast (17% risk of failure)!
Continue anyway?
The fire begins to smoulder!
Terence shoots a bolt.
The bolt hits you but does no damage.
The fire ignites!
Terence shoots a bolt.
The bolt hits you!
* * * LOW HITPOINT WARNING * * *
Terence shoots a bolt.
The bolt hits you!
You die...

#.#P.....).#..P#
###PP......P.P#♣
#PP#.~.#.#..♣
#♣#♣♣♣♣##♣P♣#
############### #
#.............# #
#.###########.# # #.# #.#
# #.# #@# # #.# #.# # #.#
#.# # #.# #§# # #.#
#)##### # #)# #@#...#
####.# #.....# .....###
####...####
####.#.########>).......#


You could see Terence.

Vanquished Creatures
  An orc priest (D:3)
  2 adders (D:2)
  3 orcs
  7 endoplasms
  3 giant cockroaches
  5 goblins
  8 hobgoblins
  8 jackals
  2 quokkas (D:1)
  7 ball pythons
  6 bats
  2 frilled lizards
  10 kobolds
  10 rats
  A bush (D:2)
75 creatures vanquished.

Vanquished Creatures (others)
  10 plants (D:2)
10 creatures vanquished.

Grand Total: 85 creatures vanquished

Notes
Turn   | Place    | Note
-------+----------+-------------------------------------------
     0 | D:1      | witty the Gnoll Hedge Wizard began the quest for the Orb.
     0 | D:1      | Reached XP level 1. HP: 13/13 MP: 8/8
   301 | D:1      | Reached XP level 2. HP: 19/19 MP: 5/10
   651 | D:1      | Reached XP level 3. HP: 18/25 MP: 1/11
  1191 | D:1      | Reached skill level 1 in Invocations
  1259 | D:1      | Learned a level 2 spell: Blink
  1263 | D:1      | Learned a level 3 spell: Conjure Flame
  1267 | D:1      | Learned a level 3 spell: Mephitic Cloud
  1732 | D:2      | Reached skill level 1 in Fighting
  1732 | D:2      | Reached skill level 1 in Short Blades
  1732 | D:2      | Reached skill level 1 in Long Blades
  1732 | D:2      | Reached skill level 1 in Axes
  1732 | D:2      | Reached skill level 1 in Maces & Flails
  1732 | D:2      | Reached skill level 1 in Polearms
  1732 | D:2      | Reached skill level 1 in Staves
  1732 | D:2      | Reached skill level 1 in Ranged Weapons
  1732 | D:2      | Reached skill level 1 in Throwing
  1732 | D:2      | Reached skill level 1 in Armour
  1732 | D:2      | Reached skill level 1 in Shields
  1732 | D:2      | Reached skill level 1 in Unarmed Combat
  1732 | D:2      | Reached skill level 1 in Evocations
  1947 | D:2      | Reached XP level 4. HP: 32/32 MP: 2/13
  2251 | D:2      | Found a faded altar of an unknown god.
  2450 | D:2      | Reached skill level 1 in Hexes
  2450 | D:2      | Reached skill level 1 in Necromancy
  2450 | D:2      | Reached skill level 1 in Transmutations
  2450 | D:2      | Reached skill level 1 in Fire Magic
  2450 | D:2      | Reached skill level 1 in Ice Magic
  2450 | D:2      | Reached skill level 1 in Air Magic
  2450 | D:2      | Reached skill level 1 in Earth Magic
  2450 | D:2      | Reached skill level 1 in Poison Magic
  3492 | D:3      | Reached XP level 5. HP: 24/37 MP: 8/14
  3735 | D:2      | Noticed Terence
  3746 | D:2      | Shot with a bolt by Terence

Illustrated notes

Levels and vault maps discovered:
D:1:      evilmike_arrival_fibonacci_small, layout_loops_ring
D:2:      layout_loops_ring, basic_ecumenical_altar, lexackson_kobold_supper,
          uniq_terence
D:3:      layout_basic, portal_sewer_entry_a, hangedman_decor_growths,
          kennysheep_doodads, kennysheep_generic_room_4, uniq_sigmund

Skill      XL: |  1  2  3  4 |
---------------+-------------+-----
Conjurations   | 2 |  2.3
Summonings     | 2 |  2.3
Translocations | 2 |  2.3
Invocations    | 1 |  1.6
Fighting       | 1 |  1.4
Short Blades   | 1 |  1.4
Long Blades    | 1 |  1.4
Axes           | 1 |  1.4
Maces & Flails | 1 |  1.4
Polearms       | 1 |  1.4
Staves         | 1 |  1.4
Ranged Weapons | 1 |  1.4
Throwing       | 1 |  1.4
Armour         | 1 |  1.4
Shields        | 1 |  1.4
Unarmed Combat | 1 |  1.4
Evocations     | 1 |  1.4
Hexes          | 1 |  1.1
Necromancy     | 1 |  1.1
Transmutations | 1 |  1.1
Fire Magic     | 1 |  1.1
Ice Magic      | 1 |  1.1
Air Magic      | 1 |  1.1
Earth Magic    | 1 |  1.1
Poison Magic   | 1 |  1.1
Dodging        | |  4.7
Stealth        | |  4.4
Spellcasting   | |  7.3

Action                   |  1- 3 |  4- 6 || total
-------------------------+-------+-------++-------
Melee: Dagger            |     4 |   361 ||   365
       Bite              |       |    82 ||    82
       Punch             |       |     9 ||     9
 Cast: Magic Dart        |   109 |    74 ||   183
       Blink             |     1 |       ||     1
       Mephitic Cloud    |       |     1 ||     1
       Conjure Flame     |       |     1 ||     1
 Stab: Confused          |       |     1 ||     1
Armor: Robe              |     7 |    10 ||    17
Dodge: Dodged            |    35 |    35 ||    70
